 Dungeon Crawl Stone Soup version 0.21.1-1-g345015f (webtiles) character file.

3186 tidbits the Martial Artist (level 9, -16/68 HPs)
             Began as a Gnoll Transmuter on Feb 9, 2018.
             Killed from afar by a wizard (52 damage)
             ... with a crystal spear
             ... on level 8 of the Dungeon.
             The game lasted 00:17:11 (1870 turns).

tidbits the Martial Artist (Gnoll Transmuter)       Turns: 1870, Time: 00:17:11

Health: -16/68     AC:  2    Str: 12    XL:     9   Next: 95%
Magic:  11/19      EV: 26    Int: 19    God:
Gold:   209        SH:  0    Dex: 21    Spells: 6/21 levels left

rFire    . . .     SeeInvis .     - Unarmed
rCold    . . .     Gourm    .   (shield currently unavailable)
rNeg     . . .     Faith    .   (armour currently unavailable)
rPois    x         Spirit   .   (helmet currently unavailable)
rElec    .         Reflect  .   (cloak currently unavailable)
rCorr    .         Harm     .   (gloves currently unavailable)
MR       .....                  (boots currently unavailable)
Stlth    +++.......             E - amulet of regeneration
HPRegen  0.61/turn              (no ring)
MPRegen  0.16/turn              (no ring)

@: spider-form, slowed, very slow
A: tiny, distributed training, strong nose
a: End Transformation


You were on level 8 of the Dungeon.
You were not hungry.
You were a venomous arachnid creature.
You visited 2 branches of the dungeon, and saw 9 of its levels.
You also visited: Ossuary.

You collected 209 gold pieces.

Inventory:

Hand Weapons
 k - a +0 hunting sling
 y - a +0 war axe
Missiles
 a - 25 arrows
 f - 157 stones
 q - 4 javelins of penetration (quivered)
 z - 9 tomahawks
Armour
 i - a +0 ring mail
 s - a +0 ring mail
 B - a +0 robe (melded)
 D - a +1 buckler (melded)
Jewellery
 n - the ring "Wewulez" {*Tele rPois Int+3}
   (You found it on level 7 of the Dungeon)

   [ring of teleportation]

   It may teleport you next to monsters.
   It affects your intelligence (+3).
   It protects you from poison.
 x - a +2 amulet of reflection
   (You found it on level 4 of the Dungeon)
 E - an amulet of regeneration (around neck)
   (You found it on level 7 of the Dungeon)
Wands
 d - a wand of digging (9)
 I - a wand of random effects (24)
Scrolls
 p - 3 scrolls of blinking
 r - a scroll of remove curse
 t - 2 scrolls of teleportation
 w - 2 scrolls of noise
 F - a scroll of amnesia
 H - a scroll of enchant weapon
 J - a scroll of random uselessness
Potions
 b - a potion of invisibility {unknown}
 e - 2 potions of mutation {unknown}
 g - 2 potions of flight
 h - 4 potions of might
 j - 2 potions of curing
 l - a potion of heal wounds {unknown}
 m - 2 potions of degeneration {unknown}
 o - a potion of lignification {unknown}
 u - 2 potions of agility
Books
 c - a book of Changes

   Spells                             Type                      Level
   a - Beastly Appendage              Transmutation                1
   b - Sticks to Snakes               Transmutation                2
   c - Spider Form                    Transmutation/Poison         3
   d - Ice Form                       Ice/Transmutation            4
   e - Blade Hands                    Transmutation                5
Comestibles
 G - 5 rations


   Skills:
 + Level 5.4 Fighting
 + Level 4.6 Short Blades
 + Level 4.6 Long Blades
 + Level 4.6 Axes
 + Level 4.6 Maces & Flails
 + Level 4.6 Polearms
 + Level 4.6 Staves
 + Level 4.6 Slings
 + Level 4.6 Bows
 + Level 4.6 Crossbows
 + Level 4.6 Throwing
 + Level 4.6 Armour
 + Level 6.6 Dodging
 + Level 4.6 Stealth
 + Level 4.6 Shields
 + Level 8.1 Unarmed Combat
 + Level 6.9 Spellcasting
 + Level 3.8 Conjurations
 + Level 3.8 Hexes
 + Level 3.8 Charms
 + Level 3.8 Summonings
 + Level 3.8 Necromancy
 + Level 3.8 Translocations
 + Level 5.4 Transmutations
 + Level 3.8 Fire Magic
 + Level 3.8 Ice Magic
 + Level 3.8 Air Magic
 + Level 3.8 Earth Magic
 + Level 3.8 Poison Magic
 + Level 5.1 Invocations
 + Level 4.6 Evocations


You had 6 spell levels left.
You knew the following spells:

 Your Spells              Type           Power        Failure   Level  Hunger
e - Beastly Appendage     Tmut           ####..       5%          1    None
h - Blade Hands           Tmut           ####......   50%         5    #####..
i - Ice Form              Ice/Tmut       ###.....     32%         4    ###....
k - Sticks to Snakes      Tmut           ####....     7%          2    None
p - Spider Form           Tmut/Pois      ###.......   13%         3    #......


Dungeon Overview and Level Annotations

Branches:
Dungeon (8/15)             Temple (1/1) D:7            Lair (0/6) D:8

Altars:
Dithmenos
Elyvilon
Gozag
Kikubaaqudgha
Makhleb
Nemelex Xobeh
Okawaru
Ru
Trog
Uskayaw
Vehumet
Wu Jian
Xom
Yredelemnul
The Shining One


Innate Abilities, Weirdness & Mutations

Your experience applies equally to all skills.
((You have very sharp teeth.))
Your uncanny sense of smell can sniff out nearby items.


Message History

Confirm with . or Enter, or press ? or * to list all spells.
You turn into a venomous arachnid creature.
Your +1 buckler melds into your body.
Your +0 robe melds into your body.
Your adder bites the two-headed ogre but does no damage.
Your ball python barely misses the two-headed ogre.
Unknown command.
You hit the two-headed ogre but do no damage.
The two-headed ogre looks as sick as possible!
The two-headed ogre is almost dead.
Your adder bites the two-headed ogre but does no damage.
Your ball python barely misses the two-headed ogre.
The howler monkey hoots and howls with incredible vigour!
The two-headed ogre completely misses you. x2
Your adder bites the two-headed ogre.
You hear a shout! x2
You completely miss the two-headed ogre.
The two-headed ogre is almost dead.
You kill the two-headed ogre!
Your Unarmed Combat skill increases to level 8!
Your Invocations skill increases to level 5!
The big kobold throws a stone.
The stone closely misses your ball python.
The stone closely misses you.
Your ball python barely misses the big kobold.
Your ball python grabs the big kobold.
Your ball python constricts the big kobold.
You swap places.
Your ball python loses its grip on the big kobold.
The big kobold hits you.
A wizard comes into view. It is wielding a dagger.
Things that are here:
a giant spiked club x2
You bite the big kobold!
The big kobold is poisoned.
The big kobold is heavily wounded.
The big kobold completely misses you.
The leopard gecko hisses menacingly.
Evoke which item? (* to show all) (? for menu, Esc to quit)
Okay, then.
You hit the big kobold.
The big kobold looks as sick as possible!
The big kobold is severely wounded.
The big kobold hits you!
You hit the big kobold.
The big kobold is almost dead.
The big kobold closely misses you.
A kobold comes into view.
You closely miss the big kobold.
The big kobold is almost dead.
You kill the big kobold!
The wizard gestures wildly while chanting.
The wizard flickers and vanishes!
You closely miss the wizard. The wizard misses you.
The wizard hits you but does no damage.
You hit the wizard.
The wizard is lightly wounded.
The wizard hits you but does no damage.
The howler monkey hoots and howls with incredible vigour!
You hear a shout! x2
A kobold comes into view. It is wielding a dagger.
You bite the wizard!
The wizard is moderately wounded.
The wizard hits you but does no damage.
You hit the wizard.
The wizard is poisoned.
The wizard is moderately wounded.
The wizard hits you but does no damage.
The howler monkey hoots and howls with incredible vigour!
The wizard closely misses you.
You hit the wizard.
The wizard looks as sick as possible!
The wizard is heavily wounded.
The wizard misses you.
You hit the wizard.
The wizard is heavily wounded.
The wizard points at you and mumbles some strange words.
The bolt of cold misses you. The bolt of cold hits your ball python.
Your ball python dies!
You barely miss the wizard.
The wizard is severely wounded.
The wizard misses you.
You completely miss the wizard.
The wizard is severely wounded.
The wizard completely misses you. The wizard closely misses you.
You miss the wizard.
The wizard is severely wounded.
The wizard casts a spell at you.
You feel yourself slow down.
The leopard gecko hisses menacingly.
A two-headed ogre comes into view. It is wielding two giant clubs.
You closely miss the wizard.
The wizard is severely wounded.
The wizard points at you and mumbles some strange words.
The bolt of cold hits you! The bolt of cold hits your ball python.
Your ball python dies!
The wizard closely misses you.
You hit the wizard.
The wizard looks as sick as possible!
The wizard is almost dead.
The wizard misses you.
The wizard points at you and mumbles some strange words.
The crystal spear hits you!
Ouch! That really hurt!
You die...

*,,,,#####....,,,,*,
*,,,,........#***,*,
*,.,,...)....####,,,
##.*,........†..#..#
#..**.....÷.<(......
##.#**..K....†###..#.
#..##*.O......#**,,..
#...##Kl#####..,,,*,,
##..Ssp{h# #..,***,,
#..(.###.# #.#.,*,,*
#.#.## *,# *#...,,,,,
#,#.########*....#*,,*
##,#.........,>,,,*****
#.,#.#......#,,,,,,***,
##.*#.######..,*,,,*,,*,
#..##.# **,,,,,,,***,,
#.#...#*###.,,,,,,,*****


You could see a two-headed ogre, a wizard, a howler monkey, a leopard gecko, 2
kobolds and a friendly adder.

Vanquished Creatures
  A two-headed ogre (D:8)
  6 yaks (D:7)
  A hungry ghost (D:7)
  An orc warrior (D:7)
  A sky beast (D:4)
  An ogre (D:4)
  2 centaurs
  A big kobold (D:8)
  4 bullfrogs
  An elf zombie (Ossuary)
  2 howler monkeys (D:8)
  A centaur zombie (D:6)
  2 crimson imps
  A bullfrog zombie (D:7)
  2 jellies
  A hound (D:7)
  3 orc priests
  A bullfrog skeleton (D:6)
  A centaur skeleton (D:8)
  2 human zombies (Ossuary)
  An iguana (D:7)
  4 orc wizards
  2 worker ants
  A killer bee zombie (D:8)
  2 big kobold zombies (Ossuary)
  A hound skeleton (D:7)
  2 mummies (Ossuary)
  2 adders
  2 shadow imps
  An ooze (D:6)
  2 leopard geckos
  13 orcs
  2 giant cockroaches
  A goblin (D:2)
  4 jackals (D:8)
  A quokka (D:8)
  2 ball pythons
  A bat (D:3)
  A frilled lizard (D:3)
  9 hobgoblin zombies (Ossuary)
  5 kobold zombies (Ossuary)
  6 orc zombies (Ossuary)
  A quokka skeleton (D:6)
  A rat (D:1)
  A rat zombie (Ossuary)
103 creatures vanquished.

Vanquished Creatures (collateral kills)
  2 orcs
  2 hobgoblin zombies (Ossuary)
  A jackal skeleton (D:7)
  2 kobolds (D:8)
  A kobold zombie (Ossuary)
  2 orc zombies (Ossuary)
10 creatures vanquished.

Grand Total: 113 creatures vanquished

Notes
Turn   | Place    | Note
-------+----------+-------------------------------------------
     0 | D:1      | tidbits the Gnoll Transmuter began the quest for the Orb.
     0 | D:1      | Reached XP level 1. HP: 17/17 MP: 6/6
   183 | D:3      | Reached XP level 2. HP: 12/23 MP: 7/7
   190 | D:3      | Learned a level 2 spell: Sticks to Snakes
   265 | D:5      | Entered Level 5 of the Dungeon
   265 | D:5      | Found a basalt altar of Yredelemnul.
   411 | D:4      | Found an opulent altar of Gozag.
   440 | D:4      | Reached skill level 5 in Spellcasting
   440 | D:4      | Reached skill level 1 in Invocations
   440 | D:4      | Reached XP level 3. HP: 14/28 MP: 6/9
   471 | D:4      | Found a sand-covered staircase.
   489 | D:4      | Learned a level 3 spell: Spider Form
   490 | Ossuary  | Entered an ossuary
   508 | Ossuary  | Reached skill level 1 in Short Blades
   508 | Ossuary  | Reached skill level 1 in Long Blades
   508 | Ossuary  | Reached skill level 1 in Axes
   508 | Ossuary  | Reached skill level 1 in Maces & Flails
   508 | Ossuary  | Reached skill level 1 in Polearms
   508 | Ossuary  | Reached skill level 1 in Staves
   508 | Ossuary  | Reached skill level 1 in Slings
   508 | Ossuary  | Reached skill level 1 in Bows
   508 | Ossuary  | Reached skill level 1 in Crossbows
   508 | Ossuary  | Reached skill level 1 in Throwing
   508 | Ossuary  | Reached skill level 1 in Armour
   508 | Ossuary  | Reached skill level 1 in Stealth
   508 | Ossuary  | Reached skill level 1 in Shields
   508 | Ossuary  | Reached skill level 1 in Evocations
   534 | Ossuary  | Reached XP level 4. HP: 24/34 MP: 1/11
   616 | Ossuary  | Reached skill level 1 in Conjurations
   616 | Ossuary  | Reached skill level 1 in Hexes
   616 | Ossuary  | Reached skill level 1 in Charms
   616 | Ossuary  | Reached skill level 1 in Summonings
   616 | Ossuary  | Reached skill level 1 in Necromancy
   616 | Ossuary  | Reached skill level 1 in Translocations
   616 | Ossuary  | Reached skill level 1 in Fire Magic
   616 | Ossuary  | Reached skill level 1 in Ice Magic
   616 | Ossuary  | Reached skill level 1 in Air Magic
   616 | Ossuary  | Reached skill level 1 in Earth Magic
   616 | Ossuary  | Reached skill level 1 in Poison Magic
   616 | Ossuary  | Reached XP level 5. HP: 29/40 MP: 0/12
   621 | Ossuary  | Reached skill level 3 in Fighting
   628 | Ossuary  | Reached skill level 4 in Transmutations
   639 | Ossuary  | Reached XP level 6. HP: 15/47 MP: 3/13
   649 | Ossuary  | Reached skill level 2 in Invocations
   734 | D:4      | Noticed a sky beast
   741 | D:4      | Killed a sky beast
   741 | D:4      | Reached skill level 2 in Short Blades
   741 | D:4      | Reached skill level 2 in Long Blades
   741 | D:4      | Reached skill level 2 in Axes
   741 | D:4      | Reached skill level 2 in Maces & Flails
   741 | D:4      | Reached skill level 2 in Polearms
   741 | D:4      | Reached skill level 2 in Staves
   741 | D:4      | Reached skill level 2 in Slings
   741 | D:4      | Reached skill level 2 in Bows
   741 | D:4      | Reached skill level 2 in Crossbows
   741 | D:4      | Reached skill level 2 in Throwing
   741 | D:4      | Reached skill level 2 in Armour
   741 | D:4      | Reached skill level 5 in Dodging
   741 | D:4      | Reached skill level 2 in Stealth
   741 | D:4      | Reached skill level 2 in Shields
   741 | D:4      | Reached skill level 2 in Evocations
   789 | D:4      | Reached XP level 7. HP: 30/52 MP: 11/15
   942 | D:5      | Reached skill level 7 in Unarmed Combat
   955 | D:5      | Found a shadowy altar of Dithmenos.
  1075 | D:6      | Reached skill level 2 in Conjurations
  1075 | D:6      | Reached skill level 2 in Hexes
  1075 | D:6      | Reached skill level 2 in Charms
  1075 | D:6      | Reached skill level 2 in Summonings
  1075 | D:6      | Reached skill level 2 in Necromancy
  1075 | D:6      | Reached skill level 2 in Translocations
  1075 | D:6      | Reached skill level 2 in Fire Magic
  1075 | D:6      | Reached skill level 2 in Ice Magic
  1075 | D:6      | Reached skill level 2 in Air Magic
  1075 | D:6      | Reached skill level 2 in Earth Magic
  1075 | D:6      | Reached skill level 2 in Poison Magic
  1274 | D:6      | Reached skill level 3 in Invocations
  1300 | D:7      | Noticed a hungry ghost
  1309 | D:7      | Killed a hungry ghost
  1309 | D:7      | Reached XP level 8. HP: 53/60 MP: 7/16
  1363 | D:7      | Noticed a yak
  1375 | D:7      | Learned a level 4 spell: Ice Form
  1381 | D:7      | Learned a level 5 spell: Blade Hands
  1402 | D:7      | Reached skill level 4 in Fighting
  1434 | D:7      | Noticed a yak
  1434 | D:7      | Noticed a yak
  1434 | D:7      | Noticed a yak
  1434 | D:7      | Noticed a yak
  1434 | D:7      | Noticed a yak
  1441 | D:7      | Killed a yak
  1441 | D:7      | Reached skill level 3 in Short Blades
  1441 | D:7      | Reached skill level 3 in Long Blades
  1441 | D:7      | Reached skill level 3 in Axes
  1441 | D:7      | Reached skill level 3 in Maces & Flails
  1441 | D:7      | Reached skill level 3 in Polearms
  1441 | D:7      | Reached skill level 3 in Staves
  1441 | D:7      | Reached skill level 3 in Slings
  1441 | D:7      | Reached skill level 3 in Bows
  1441 | D:7      | Reached skill level 3 in Crossbows
  1441 | D:7      | Reached skill level 3 in Throwing
  1441 | D:7      | Reached skill level 3 in Armour
  1441 | D:7      | Reached skill level 3 in Stealth
  1441 | D:7      | Reached skill level 3 in Shields
  1441 | D:7      | Reached skill level 6 in Spellcasting
  1441 | D:7      | Reached skill level 3 in Evocations
  1449 | D:7      | Killed a yak
  1450 | D:7      | Killed a yak
  1453 | D:7      | Killed a yak
  1457 | D:7      | Reached skill level 4 in Invocations
  1461 | D:7      | Killed a yak
  1461 | D:7      | Reached skill level 6 in Dodging
  1461 | D:7      | Reached skill level 3 in Conjurations
  1461 | D:7      | Reached skill level 3 in Hexes
  1461 | D:7      | Reached skill level 3 in Charms
  1461 | D:7      | Reached skill level 3 in Summonings
  1461 | D:7      | Reached skill level 3 in Necromancy
  1461 | D:7      | Reached skill level 3 in Translocations
  1461 | D:7      | Reached skill level 3 in Fire Magic
  1461 | D:7      | Reached skill level 3 in Ice Magic
  1461 | D:7      | Reached skill level 3 in Air Magic
  1461 | D:7      | Reached skill level 3 in Earth Magic
  1461 | D:7      | Reached skill level 3 in Poison Magic
  1461 | D:7      | Reached XP level 9. HP: 43/66 MP: 12/18
  1464 | D:7      | Reached skill level 5 in Transmutations
  1500 | D:8      | Reached skill level 4 in Short Blades
  1500 | D:8      | Reached skill level 4 in Long Blades
  1500 | D:8      | Reached skill level 4 in Axes
  1500 | D:8      | Reached skill level 4 in Maces & Flails
  1500 | D:8      | Reached skill level 4 in Polearms
  1500 | D:8      | Reached skill level 4 in Staves
  1500 | D:8      | Reached skill level 4 in Slings
  1500 | D:8      | Reached skill level 4 in Bows
  1500 | D:8      | Reached skill level 4 in Crossbows
  1500 | D:8      | Reached skill level 4 in Throwing
  1500 | D:8      | Reached skill level 4 in Armour
  1500 | D:8      | Reached skill level 4 in Stealth
  1500 | D:8      | Reached skill level 4 in Shields
  1500 | D:8      | Reached skill level 4 in Evocations
  1535 | D:7      | Found a staircase to the Ecumenical Temple.
  1538 | Temple   | Entered the Ecumenical Temple
  1701 | D:7      | Got a transparent lapis lazuli ring
  1702 | D:7      | Identified the ring "Wewulez" {*Tele rPois Int+3} (You found it on level 7 of the Dungeon)
  1730 | D:7      | Reached skill level 5 in Fighting
  1828 | D:8      | Noticed a two-headed ogre
  1848 | D:8      | Noticed a wizard
  1854 | D:8      | Killed a two-headed ogre
  1854 | D:8      | Reached skill level 8 in Unarmed Combat
  1854 | D:8      | Reached skill level 5 in Invocations
  1856 | D:8      | Noticed a wizard
  1869 | D:8      | Noticed a two-headed ogre
  1870 | D:8      | Killed from afar by a wizard

Skill      XL: |  1  2  3  4  5  6  7  8  9 |
---------------+----------------------------+-----
Spellcasting   | 5 6 |  6.9
Invocations    | 1 2 3 4 5 |  5.1
Short Blades   | 1 2 3 4 |  4.6
Long Blades    | 1 2 3 4 |  4.6
Axes           | 1 2 3 4 |  4.6
Maces & Flails | 1 2 3 4 |  4.6
Polearms       | 1 2 3 4 |  4.6
Staves         | 1 2 3 4 |  4.6
Slings         | 1 2 3 4 |  4.6
Bows           | 1 2 3 4 |  4.6
Crossbows      | 1 2 3 4 |  4.6
Throwing       | 1 2 3 4 |  4.6
Armour         | 1 2 3 4 |  4.6
Stealth        | 1 2 3 4 |  4.6
Shields        | 1 2 3 4 |  4.6
Evocations     | 1 2 3 4 |  4.6
Conjurations   | 1 2 3 |  3.8
Hexes          | 1 2 3 |  3.8
Charms         | 1 2 3 |  3.8
Summonings     | 1 2 3 |  3.8
Necromancy     | 1 2 3 |  3.8
Translocations | 1 2 3 |  3.8
Fire Magic     | 1 2 3 |  3.8
Ice Magic      | 1 2 3 |  3.8
Air Magic      | 1 2 3 |  3.8
Earth Magic    | 1 2 3 |  3.8
Poison Magic   | 1 2 3 |  3.8
Fighting       | 3 4 5 |  5.4
Transmutations | 4 5 |  5.4
Dodging        | 5 6 |  6.6
Unarmed Combat | 7 8 |  8.1

Action                   |  1- 3 |  4- 6 |  7- 9 || total
-------------------------+-------+-------+-------++-------
Melee: Unarmed           |    45 |    77 |   189 ||   311
       Headbutt          |     4 |     1 |       ||     5
       Bite              |     3 |     6 |     1 ||    10
       Kick              |     2 |     6 |       ||     8
Throw: Javelin           |     3 |       |     3 ||     6
 Cast: Beastly Appendage |    10 |     3 |       ||    13
       Sticks to Snakes  |     3 |     3 |    19 ||    25
       Spider Form       |     1 |     3 |    20 ||    24
 Abil: End Transformatio |       |       |     1 ||     1
Evoke: Wand              |       |       |     1 ||     1
  Use: Potion            |       |     3 |     4 ||     7
       Scroll            |       |       |    11 ||    11
 Stab: Sleeping          |     1 |     1 |       ||     2
       Distracted        |       |       |     2 ||     2
  Eat: Ration            |     1 |       |     2 ||     3
Armor: Robe              |     4 |     1 |     1 ||     6
       Skin              |       |     1 |     7 ||     8
Dodge: Dodged            |    28 |    51 |   165 ||   244
Block: Other             |       |       |     6 ||     6

Table legend:
 A = Turns spent in this place as a percentage of turns spent in the entire game.
 B = Non-inter-level travel turns spent in this place as a percentage of non-inter-level travel turns spent in the entire game.
 C = Inter-level travel turns spent in this place as a percentage of turns spent in this place.
 D = Turns resting spent in this place as a percentage of non-inter-level travel turns spent in this place.
 E = Turns spent auto-exploring this place as a percentage of non-inter-level travel turns spent in this place.
 F = Non-inter-level travel turns spent in this place divided by the number of levels of this place that you've seen.
                   A       B       C       D       E      F
               +-------+-------+-------+-------+-------+----------------------
         Total | 100.0 | 100.0 |   4.8 |   0.0 |   0.0 | 178.0
       Dungeon |  84.9 |  86.6 |   2.9 |   0.0 |   0.0 | 192.6
        Temple |   3.5 |   1.2 |  66.7 |   0.0 |   0.0 |  22.0
       Ossuary |  11.6 |  12.2 |   0.0 |   0.0 |   0.0 | 217.0
               +-------+-------+-------+-------+-------+----------------------

Table legend:
 A = Kills in this place as a percentage of kills in entire the game.
 B = Kills by you in this place as a percentage of kills by you in the entire game.
 C = Kills by friends in this place as a percentage of kills by friends in the entire game.
 D = Other kills in this place as a percentage of other kills in the entire game.
 E = Experience gained in this place as a percentage of experience gained in the entire game.
 F = Experience gained in this place divided by the number of levels of this place that you have seen.
                   A       B       C       D       E      F
               +-------+-------+-------+-------+-------+----------------------
         Total | 100.0 | 100.0 | 100.0 |   N/A | 100.0 | 455.2
       Dungeon |  70.8 |  72.8 |  50.0 |   N/A |  93.9 | 534.4
       Ossuary |  29.2 |  27.2 |  50.0 |   N/A |   6.1 | 277.0
               +-------+-------+-------+-------+-------+----------------------

Vault maps used:
D:1:      elethiomel_arrival_quiet
D:2:      zin_scriptorium, first_ration, minmay_tetromino_i2, uniq_sigmund,
          uniq_robin
D:3:      grunt_temple_overflow_open, nicolae_overflow_hidden_temple,
          lemuel_round_altar, minmay_three_crescents
D:4:      kennysheep_big_flooded_room, nicolae_overflow_crystal_walls,
          enter_ossuary_1
D:5:      yredelemnul_altar_generic, nicolae_dithmenos_shadow_blocks
D:7:      ashenzari_conservatory_becter, cheibriados_altar_1, temple_statues
D:8:      cheibrodos_wizards_tower, grunt_ogre_cave
Temple:   minmay_temple_bridge_abc
Ossuary:  ossuary_tomb_1
